 Dungeon Sprint DCSS version 0.20-a0-277-g7db01f4 (webtiles) character file.

5729 Havercy the Shatterer (level 10, -1/115 HPs)
             Began as an Ogre Gladiator on Dec 13, 2016.
             Was a Priest of Ru.
             Slain by a four-headed hydra (11 damage)
             ... in the Dungeon (Sprint IX: "|||||||||||||||||||||||||||||").
             The game lasted 00:02:25 (713 turns).

Havercy the Shatterer (Ogre Gladiator)               Turns: 713, Time: 00:02:26

Health: -1/115     AC:  6    Str: 31    XL:     10   Next: 77%
Magic:  12/12      EV: 16    Int:  7    God:    Ru [***...]
Gold:   9          SH:  0    Dex: 15    Spells: 9/9 levels left

rFire  . . .     SeeInvis .     o - +2 dire flail (crush)
rCold  . . .     Gourm    .     j - +0 troll leather armour
rNeg   . . .     Faith    .     (shield currently unavailable)
rPois  .         Spirit   .     c - +0 hat
rElec  .         Reflect  .     p - +0 cloak
rCorr  .         Harm     .     (gloves unavailable)
MR     +....     NoTele   +     (boots unavailable)
Stlth  +.........               (no amulet)
                                q - +3 ring of strength
                                s - +3 ring of dexterity

@: mighty, lethally poisoned (-1 -> -1)
A: unfitting armour, tough skin 1, inability to train armour, unskilled 1
a: Draw Out Power, Renounce Religion


You were in the Dungeon.
You worshipped Ru.
Ru was most pleased with you.
You were not hungry.

You visited 1 branch You collected 9 gold pieces.

Inventory:

Hand Weapons
 a - a +0 flail
 o - a +2 dire flail of crushing (weapon)
 t - a +0 giant club
Missiles
 d - 3 throwing nets (quivered)
Armour
 b - a +0 robe
 c - a +0 hat (worn)
 j - a +0 troll leather armour (worn)
 p - a +0 cloak (worn)
 r - a +0 plate armour
Jewellery
 q - a +3 ring of strength (right hand)
 s - a +3 ring of dexterity (left hand)
Wands
 n - a wand of lightning (0/15)
Scrolls
 k - 3 scrolls of blinking
 l - 3 scrolls of remove curse
 m - 2 scrolls of amnesia
 y - 3 scrolls of recharging
 A - 2 scrolls of fear
Potions
 e - 4 potions of curing
 g - a potion of invisibility
 h - a potion of haste
 i - 4 potions of magic
 v - a potion of heal wounds
 w - 2 potions of cure mutation
 x - a potion of berserk rage
Comestibles
 f - a bread ration


   Skills:
 + Level 11.7 Fighting
 * Level 21.6 Maces & Flails
 - Level 1.7 Throwing
 + Level 9.9 Dodging
 + Level 2.7 Evocations


You had 9 spell levels left.
You didn't know any spells.

Dungeon Overview and Level Annotations

Branches:
Dungeon (1/1)

Altars:
Cheibriados
Dithmenos
Elyvilon
Fedhas
Gozag
Hepliaklqana
Kikubaaqudgha
Makhleb
Nemelex Xobeh
Okawaru
Qazlal
Ru
Sif Muna
Trog
Uskayaw
Vehumet
Xom
Yredelemnul
Zin
The Shining One
Beogh
Jiyva
Lugonu


Innate Abilities, Weirdness & Mutations

You are too large for most types of armour.
You have tough skin. (AC +1)
You cannot train Armour skill.
You are somewhat unskilled. (-1 Apt)


Message History

The four-headed hydra bites you!
* * * LOW HITPOINT WARNING * * *
The four-headed hydra misses you.
The four-headed hydra closely misses you.
You are too injured to fight recklessly!
Unknown command.
You are too injured to fight recklessly!
Unknown command.
You are too injured to fight recklessly!
Unknown command.
You barely miss the four-headed hydra.
The four-headed hydra is almost dead.
You feel sick.
Unknown command.
You hit the four-headed hydra.
The four-headed hydra is almost dead.
The four-headed hydra bites you!
* * * LOW HITPOINT WARNING * * *
The four-headed hydra bites you!
You die...

▓▓▓▓▓▓▓▓▓▓▓▓▓▓▓▓▓▓▓▓▓▓▓▓▓▓▓▓▓▓▓▓▓
_____________________.'..|).[...†
▓▓▓▓▓▓▓▓▓▓▓▓▓▓▓▓▓▓▓▓▓▓▓▓▓▓▓▓▓▓▓▓▓
.................................
▓▓▓▓▓▓▓▓▓▓▓▓▓▓▓▓▓▓▓▓▓▓▓▓▓▓▓▓▓▓▓▓▓
..'†††......††..@D....+
▓▓▓▓▓▓▓▓▓▓▓▓▓▓▓▓▓▓▓▓▓▓▓


You could see a four-headed hydra.

Vanquished Creatures
  A hydra (D)
  An unseen horror (D)
  A lindwurm (D)
  An elephant (D)
  A spiny frog (D)
  2 black mambas (D)
  A rime drake (D)
  A kobold demonologist (D)
  A troll (D)
  A hornet (D)
  4 hippogriffs (D)
  A wyvern (D)
  A basilisk (D)
  2 water moccasins (D)
  A necrophage (D)
  An eye of draining (D)
  An ogre (D)
  A crocodile (D)
  A gnoll sergeant (D)
  4 bullfrogs (D)
  A crimson imp (D)
  An iguana (D)
  A worker ant (D)
  An adder (D)
  A shadow imp (D)
  A dart slug (D)
  A bat skeleton (D)
  A hobgoblin (D)
  A kobold (D)
  2 rats (D)
39 creatures vanquished.

Vanquished Creatures (others)
  A spatial maelstrom (D)
1 creature vanquished.

Grand Total: 40 creatures vanquished

Notes
Turn   | Place    | Note
-------+----------+-------------------------------------------
     0 | D        | Havercy the Ogre Gladiator began the quest for the Orb.
     0 | D        | Reached XP level 1. HP: 22/22 MP: 1/1
     4 | D        | Banished a spatial maelstrom
    19 | D        | Reached skill level 5 in Maces & Flails
    28 | D        | Noticed a gnoll sergeant
    28 | D        | Noticed an iguana
    40 | D        | Killed a gnoll sergeant
    40 | D        | Reached skill level 9 in Maces & Flails
    40 | D        | Reached XP level 2. HP: 15/32 MP: 2/2
    40 | D        | Reached XP level 3. HP: 18/39 MP: 3/3
    40 | D        | Reached XP level 4. HP: 23/48 MP: 4/4
    45 | D        | Reached skill level 10 in Maces & Flails
    55 | D        | Reached skill level 5 in Dodging
    61 | D        | Found a roughly hewn altar of Beogh.
    61 | D        | Found a snail-covered altar of Cheibriados.
    61 | D        | Found a shadowy altar of Dithmenos.
    61 | D        | Found a white marble altar of Elyvilon.
    61 | D        | Found a blossoming altar of Fedhas.
    61 | D        | Found an opulent altar of Gozag.
    62 | D        | Found a hazy altar of Hepliaklqana.
    63 | D        | Found a viscous altar of Jiyva.
    64 | D        | Found an ancient bone altar of Kikubaaqudgha.
    65 | D        | Found a corrupted altar of Lugonu.
    66 | D        | Found a burning altar of Makhleb.
    67 | D        | Found a sparkling altar of Nemelex Xobeh.
    68 | D        | Found an iron altar of Okawaru.
    69 | D        | Found a stormy altar of Qazlal.
    70 | D        | Found a sacrificial altar of Ru.
    71 | D        | Found a deep blue altar of Sif Muna.
    72 | D        | Found a bloodstained altar of Trog.
    73 | D        | Found a hide-covered altar of Uskayaw.
    74 | D        | Found a radiant altar of Vehumet.
    75 | D        | Found a shimmering altar of Xom.
    76 | D        | Found a basalt altar of Yredelemnul.
    77 | D        | Found a glowing silver altar of Zin.
    78 | D        | Became a worshipper of Ru the Awakened
    79 | D        | Found a glowing golden altar of the Shining One.
   284 | D        | Noticed a necrophage
   284 | D        | Noticed an ogre
   284 | D        | Noticed a hippogriff
   284 | D        | Noticed a wyvern
   285 | D        | Reached skill level 11 in Maces & Flails
   285 | D        | Reached XP level 5. HP: 55/55 MP: 5/5
   288 | D        | Killed a necrophage
   288 | D        | Reached skill level 5 in Fighting
   288 | D        | Reached skill level 12 in Maces & Flails
   288 | D        | Reached XP level 6. HP: 65/66 MP: 6/6
   291 | D        | Reached skill level 13 in Maces & Flails
   293 | D        | Reached skill level 14 in Maces & Flails
   296 | D        | Killed a hippogriff
   296 | D        | Reached skill level 15 in Maces & Flails
   296 | D        | Reached XP level 7. HP: 65/75 MP: 7/7
   299 | D        | Killed a wyvern
   299 | D        | Reached skill level 16 in Maces & Flails
   308 | D        | Noticed a hippogriff
   308 | D        | Noticed a hornet
   308 | D        | Noticed a troll
   308 | D        | Noticed a kobold demonologist
   316 | D        | Killed a hippogriff
   316 | D        | Reached skill level 17 in Maces & Flails
   317 | D        | Killed a hornet
   317 | D        | Reached XP level 8. HP: 41/87 MP: 0/8
   319 | D        | Reached skill level 18 in Maces & Flails
   325 | D        | Killed an unseen horror
   325 | D        | Reached skill level 19 in Maces & Flails
   325 | D        | Reached skill level 1 in Evocations
   325 | D        | Reached XP level 9. HP: 27/97 MP: 1/9
   336 | D        | Killed a troll
   345 | D        | Killed a kobold demonologist
   345 | D        | Reached skill level 20 in Maces & Flails
   362 | D        | Gained mutation: You cannot train Armour skill. [Ru sacrifice]
   362 | D        | Reached * piety under Ru
   474 | D        | Noticed a black mamba
   474 | D        | Noticed a spiny frog
   475 | D        | Noticed a four-headed hydra
   479 | D        | Noticed a lindwurm
   482 | D        | Noticed a black mamba
   486 | D        | Killed a four-headed hydra
   486 | D        | Reached skill level 10 in Fighting
   486 | D        | Reached skill level 21 in Maces & Flails
   490 | D        | Killed a black mamba
   490 | D        | Reached XP level 10. HP: 74/111 MP: 11/11
   494 | D        | Killed a spiny frog
   494 | D        | Reached skill level 10 in Dodging
   500 | D        | Killed a lindwurm
   500 | D        | Reached skill level 22 in Maces & Flails
   504 | D        | Killed a black mamba
   509 | D        | Gained mutation: You are somewhat unskilled. (-1 Apt) [Ru sacrifice]
   509 | D        | Reduced skill Fighting to level 10
   509 | D        | Reduced skill Maces & Flails to level 20
   509 | D        | Reduced skill Throwing to level 1
   509 | D        | Reached ** piety under Ru
   509 | D        | Reached *** piety under Ru
   671 | D        | Noticed an elephant
   680 | D        | Reached skill level 21 in Maces & Flails
   686 | D        | Killed an elephant
   703 | D        | Noticed a four-headed hydra
   713 | D        | Slain by a four-headed hydra

Vault maps used:
D:        linesprint

Skill      XL: |  1  2  3  4  5  6  7  8  9 10 |
---------------+-------------------------------+-----
Fighting       | 3 4 5 6 7 8 10 11 | 11.7
Maces & Flails | 9 11 12 15 17 19 21 21 | 21.6
Dodging        | 4 5 6 7 8 9 9 |  9.9
Evocations     | 1 2 |  2.7
Throwing       | 1 |  1.7

Action                   |  1- 3 |  4- 6 |  7- 9 | 10-12 || total
-------------------------+-------+-------+-------+-------++-------
Melee: Flail             |    28 |    14 |       |       ||    42
       Dire flail        |       |    11 |    42 |    48 ||   101
Invok: Sacrifice Durabil |       |       |     1 |       ||     1
       Sacrifice Skill   |       |       |       |     1 ||     1
Evoke: Wand              |       |     1 |     6 |       ||     7
  Use: Potion            |     1 |     1 |     4 |     2 ||     8
Armor: Robe              |     6 |     9 |     4 |       ||    19
       Troll leather arm |       |       |     4 |     5 ||     9
Dodge: Dodged            |    13 |    18 |    32 |    20 ||    83
